 Dungeon Crawl Stone Soup version 0.31-a0-846-gb3bcc0d938 (webtiles) character file.

Game seed: 12506730255449779257

466 wvc the Firebug (level 7, 0/36 HPs)
             Began as a Gargoyle Fire Elementalist on Oct 3, 2023.
             Slain by a black bear (3 damage)
             ... on level 4 of the Dungeon.
             The game lasted 00:15:45 (3128 turns).

wvc the Firebug (Gargoyle Fire Elementalist)        Turns: 3128, Time: 00:15:46

Health: 0/36       AC:  7    Str: 12    XL:     7   Next: 8%
Magic:  13/13      EV: 11    Int: 17    God:
Gold:   200        SH:  0    Dex: 10    Spells: 4/14 levels left

rFire   . . .        l - +1 whip (venom)
rCold   . . .        (no shield)
rNeg    + . .        d - +0 leather armour
rPois   ∞            (no helmet)
rElec   +            (no cloak)
rCorr   .            (no gloves)
SInv    .            (no boots)
Will    .....        j - amulet of magic regeneration
Stlth   ++           (no ring)
HPRegen 0.26/turn    (no ring)
MPRegen 0.53/turn

%: no passive effects
@: no status effects
A: sickness immunity, AC +4, negative energy resistance 1, electricity
resistance, torment resistance 1, petrification resistance
a: no special abilities


You were on level 4 of the Dungeon.
You visited 2 branches of the dungeon, and saw 5 of its levels.

You collected 250 gold pieces.
You spent 50 gold pieces at shops.

Inventory:

Hand Weapons
 f - a +0 trident
 l - a +1 whip of venom (weapon)
 m - a +2 dagger of pain
 r - a +1 whip of draining
 s - a +1 flail of protection
Missiles
 k - a throwing net
 n - 3 poisoned darts
Armour
 d - a +0 leather armour (worn)
 w - the +8 ring mail of the Peculiar Beggars {*Slow rElec rCorr}
   (You found it on level 3 of the Dungeon)

   rElec:     It insulates you from electricity.
   rCorr:     It protects you from acid and corrosion.
   *Slow:     It may slow you when you take damage.
Magical Staves
 i - a staff of cold
Jewellery
 j - an amulet of magic regeneration (around neck)
Talismans
 q - a beast talisman
Wands
 p - a wand of roots (3)
 u - a wand of paralysis (11)
 z - a wand of flame (31)
Potions
 a - 2 potions of curing
 b - 2 potions of magic
 e - a potion of heal wounds {unknown}
 g - 2 potions of lignification
 h - a potion of berserk rage {unknown}
 t - a potion of might {unknown}
 x - a potion of brilliance {unknown}


   Skills:
 - Level 1.5 Dodging
 - Level 2.1 Stealth
 + Level 4.0 Spellcasting
 * Level 4.7 Conjurations
 + Level 5.1 Fire Magic


You had 4 spell levels left.
You knew the following spells:

 Your Spells              Type           Power      Damage    Failure   Level
a - Foxfire               Conj/Fire      80%        2x1d8     2%          1
b - Inner Flame           Hex/Fire       12%        N/A       22%         3
c - Flame Wave            Conj/Fire      20%        2d7       26%         4
d - Scorch                Fire           40%        2d6       3%          2

Your spell library contained the following spells:

 Spells                   Type           Power      Damage    Failure   Level
 Volatile Blastmotes      Fire/Tloc      24%        2d12      22%         3
 Vhi's Electric Charge    Tloc/Air       6%         N/A       89%         4
 Arcjolt                  Conj/Air       5%         1d15      91%         5
 Plasma Beam              Fire/Air       6%         2x1d16    100%        6


Dungeon Overview and Level Annotations

Branches:
Dungeon (4/15)             Temple (1/1) D:4

Altars:
Cheibriados
Dithmenos
Elyvilon
Fedhas
Gozag
Makhleb
Nemelex Xobeh
Okawaru
Qazlal
Ru
Sif Muna
Trog
Uskayaw
Wu Jian
Xom
Zin
The Shining One

Shops:
D:3 =   D:4 *

Annotations:
D:2 1 runed translucent door, Crazy Yiuf


Innate Abilities, Weirdness & Mutations

You are immune to sickness and miasma.
Your stone body is resilient. (AC +4)
You are immune to poison.
You resist negative energy. (rN+)
You are resistant to electric shocks. (rElec)
You are resistant to unholy torment.
You are immune to petrification.


Message History

The black bear attacks as it pursues you!
The black bear bites you but does no damage.
The black bear barely misses you.
The black bear claws you but does no damage.
The black bear goes berserk!
The black bear attacks as it pursues you!
The black bear closely misses you.
The black bear claws you but does no damage. x2
A dart slug comes into view.
The black bear attacks as it pursues you!
The black bear barely misses you. The black bear closely misses you.
The black bear claws you but does no damage.
The black bear bites you. The black bear closely misses you.
The black bear claws you.
The black bear attacks as it pursues you!
The black bear bites you. The black bear completely misses you.
The black bear claws you.
The black bear rages.
The black bear misses you.
The black bear claws you but does no damage. x2
Casting: Foxfire (safe; 2% risk of failure)
Confirm with . or Enter, or press ? or * to list all spells.
You don't know that spell.
Casting: Foxfire (safe; 2% risk of failure)
Confirm with . or Enter, or press ? or * to list all spells.
You conjure some foxfire!
The black bear bites you.
* * * LOW HITPOINT WARNING * * *
The black bear claws you but does no damage. x2
The black bear closely misses you. The black bear claws you.
* * * LOW HITPOINT WARNING * * *
The black bear claws you.
* * * LOW HITPOINT WARNING * * *
The foxfire hits the black bear.
The black bear is almost dead.
The black bear attacks as it pursues you!
The black bear bites you but does no damage.
The black bear claws you.
* * * LOW HITPOINT WARNING * * *
The black bear claws you.
You die...

* #.......##..........### ***
###w.####................ ..#
#<........##........##### ..#
#.#..#######.#####..# * #.#*
#....# #.# ###..# * #..##
###.#..#######.###....# * #.#.*
####...............#.## * #..**
####.v####h.##.##..#..# *
#.########..§§§§@§##.##..##.# *
...........##.##..#..##.....## *
..####'#...##.##......#.>....##**
#.#~≈≈≈#.#.##.##..#.#..........,,
#.#≈>⌠≈#...#.∩........_...'######
#h#§_.≈#...#..##..#.#.....#...≈..
#.#≈§≈≈#.#................#._.≈._
#.######.#.#.####...###..##..^≈..
#..,,,........###....)....#######


You could see a black bear (berserk, very poisoned, ally target).

Vanquished Creatures
  Edmund (D:4)
  A scorpion (D:4)
  A howler monkey (D:4)
  A hound (D:4)
  3 orc wizards
  4 gnolls
  An adder (D:2)
  3 dart slugs
  3 worms
  10 orcs
  6 ball pythons
  8 bats
  5 endoplasms
  4 giant cockroaches
  5 goblins
  8 hobgoblins
  4 kobolds
  8 quokkas
  2 frilled lizards
  5 rats
83 creatures vanquished.

Vanquished Creatures (others)
  153 foxfires
153 creatures vanquished.

Grand Total: 236 creatures vanquished

Notes
Turn   | Place    | Note
-------+----------+-------------------------------------------
     0 | D:1      | wvc the Gargoyle Fire Elementalist began the quest for the
                  | Orb.
     0 | D:1      | Reached XP level 1. HP: 10/10 MP: 3/3
   191 | D:1      | Reached XP level 2. HP: 15/15 MP: 3/5
   291 | D:1      | Found a faded altar of an unknown god.
   689 | D:1      | Reached XP level 3. HP: 19/19 MP: 6/6
   699 | D:1      | Learned a level 3 spell: Inner Flame
  1208 | D:2      | Reached XP level 4. HP: 24/24 MP: 7/7
  1210 | D:2      | Found a bloodstained altar of Trog.
  1259 | D:2      | Reached skill level 4 in Fire Magic
  1306 | D:2      | Found a runed translucent door.
  1307 | D:2      | Noticed Crazy Yiuf
  1936 | D:3      | Reached XP level 5. HP: 13/28 MP: 9/9
  2051 | D:3      | Learned a level 4 spell: Flame Wave
  2352 | D:3      | Found Feodaom's Jewellery Shoppe.
  2387 | D:3      | Identified the +8 ring mail of the Peculiar Beggars {*Slow
                  | rElec rCorr}
  2479 | D:4      | Found a sparkling altar of Nemelex Xobeh.
  2526 | D:4      | Reached XP level 6. HP: 26/32 MP: 9/11
  2554 | D:4      | Learned a level 2 spell: Scorch
  2692 | D:4      | Found a staircase to the Ecumenical Temple.
  2708 | Temple   | Entered the Ecumenical Temple
  2834 | D:4      | Found a glowing silver altar of Zin.
  2834 | D:4      | Found a sacrificial altar of Ru.
  2923 | D:4      | Found a burning altar of Makhleb.
  2932 | D:4      | Noticed Edmund
  2946 | D:4      | Killed Edmund
  2947 | D:4      | Reached skill level 5 in Fire Magic
  2947 | D:4      | Reached XP level 7. HP: 17/36 MP: 11/13
  3024 | D:4      | Found Juleogip's Assorted Antiques.
  3084 | D:4      | Bought a scroll labelled VEOWIX NOFUYDE for 25 gold pieces
  3084 | D:4      | Bought a scroll labelled MUH WICZEE for 25 gold pieces
  3093 | D:4      | Found a stormy altar of Qazlal.
  3128 | D:4      | Slain by a black bear

Illustrated notes

Levels and vault maps discovered:
D:1:      lightli_arrival_windingriver, layout_loops_cross,
          shapermc_ecumenical_altar_mp_ritualfount
D:2:      layout_rooms, basic_altar, uniq_crazy_yiuf_cottage
D:3:      layout_rooms, serial_shops, nicolae_shop_rolling_square,
          serial_aquarium, aquarium_bridge_straight [aquarium_subvault_bridge,
          aquarium_subvault_window, aquarium_subvault_bridge,
          aquarium_subvault_wall], aquarium_bridge_island_small
          [aquarium_subvault_small_water, aquarium_subvault_window,
          aquarium_subvault_bridge, aquarium_subvault_wall,
          aquarium_subvault_wall], aquarium_window_fake,
          aquarium_window_corridor_3, aquarium_window_1, aquarium_window_fake,
          aquarium_view_2c, aquarium_view_2e, grunt_ministairs_13
D:4:      layout_loops_ring, general_overflow_altar,
          nicolae_overflow_hidden_temple, bloody_makhleb,
          mainiacjoe_overflow_concentric_impassable,
          mainiacjoe_overflow_divided_tiny, temple_green, serial_shops, shop,
          grunt_ministairs_11, uniq_edmund
Temple:   jpeg_temple_clearing

Skill      XL: |  1  2  3  4  5  6 |
---------------+-------------------+-----
Conjurations   | 2 3 4 |  4.7
Fire Magic     | 4 5 |  5.1
Spellcasting   | 3 4 |  4.0
Dodging        | |  1.5
Stealth        | |  2.1

Action                     |  1- 3 |  4- 6 |  7- 9 || total
---------------------------+-------+-------+-------++-------
  Melee: Unarmed           |     4 |       |       ||     4
         Trident           |    20 |       |       ||    20
         Whip              |    10 |   100 |     7 ||   117
   Cast: Foxfire           |    37 |    53 |     1 ||    91
         Scorch            |       |     1 |       ||     1
    Use: Potion            |       |     1 |       ||     1
         Scroll            |       |       |     8 ||     8
   Stab: Sleeping          |       |     1 |       ||     1
 Armour: Leather armour    |    50 |    81 |    34 ||   165
         Robe              |     4 |       |       ||     4
  Dodge: Dodged            |    35 |    73 |    16 ||   124

Table legend: (Time is in decaauts)
 A = Elapsed time spent in this place.
 B = Non-inter-level travel time spent in this place.
 C = Inter-level travel time spent in this place.
 D = Time resting spent in this place.
 E = Time spent auto-exploring this place.
 F = Levels seen in this place.
 G = Mean time per level.
                   A        B        C        D        E       F      G
               +--------+--------+--------+--------+--------+-----+--------+
         Total |   3148 |   2990 |    158 |    333 |   1771 |   5 |  629.6 |
       Dungeon |   3116 |   2988 |    128 |    333 |   1771 |   4 |  779.0 |
        Temple |     31 |      1 |     30 |      0 |      0 |   1 |   31.0 |
               +--------+--------+--------+--------+--------+-----+--------+

Top non-repeatable levels by time:
     D:1: 1100 daAuts
     D:2: 739 daAuts
     D:3: 676 daAuts
     D:4: 601 daAuts
  Temple: 31 daAuts
